 Dungeon Crawl Stone Soup version 0.30.0-29-ga12c61a403 (webtiles) character file.

Game seed: 14472530108443972756

30 sweetbreads the Chopper (level 3, -3/33 HPs)
             Began as a Minotaur Berserker on June 5, 2023.
             Was a Believer of Trog.
             Slain by an orc
             ... wielding a +0 morningstar
              (6 damage)
             ... on level 2 of the Dungeon.
             The game lasted 00:04:07 (1379 turns).

sweetbreads the Chopper (Minotaur Berserker)        Turns: 1379, Time: 00:04:08

Health: -3/33      AC:  2    Str: 23    XL:     3   Next: 5%
Magic:  2/2        EV: 12    Int:  4    God:    Trog [**....]
Gold:   75         SH:  0    Dex: 15    Spells: 2/2 levels left

rFire   . . .        a - +0 hand axe
rCold   . . .        (no shield)
rNeg    . . .        b - +0 animal skin
rPois   .            (helmet restricted)
rElec   .            (no cloak)
rCorr   .            (no gloves)
SInv    .            (no boots)
Will    .....        (no amulet)
Stlth   +            f - +6 ring of dexterity
HPRegen 0.25/turn    (no ring)
MPRegen 0.08/turn

%: no passive effects
@: lethally poisoned (-3 -> -11)
A: horns 2, retaliatory headbutt
a: Renounce Religion, Berserk, Trog's Hand


You were on level 2 of the Dungeon.
You worshipped Trog.
Trog was pleased with you.
You visited 1 branch of the dungeon, and saw 3 of its levels.

You collected 75 gold pieces.

Inventory:

Hand Weapons
 a - a +0 hand axe (weapon)
 c - a +0 war axe
 j - a +2 short sword of electrocution
 o - a +0 dagger of venom
Armour
 b - a +0 animal skin (worn)
 e - a +0 ring mail
Jewellery
 f - a +6 ring of dexterity (left hand)
Scrolls
 g - 3 scrolls of vulnerability {unknown}
 i - a scroll of amnesia {unknown}
 l - a scroll of magic mapping {unknown}
Potions
 d - a potion of resistance {unknown}
 h - a potion of mutation {unknown}
 k - a potion of brilliance {unknown}
 m - a potion of cancellation {unknown}
 n - a potion of haste {unknown}


   Skills:
 * Level 4.2 Fighting
 * Level 4.2 Axes
 * Level 2.5 Armour
 * Level 2.3 Dodging
 * Level 0.7 Unarmed Combat


You had 2 spell levels left.
You didn't know any spells.
Your spell library was empty.

Dungeon Overview and Level Annotations

Branches:
Dungeon (3/15)

Altars:


Innate Abilities, Weirdness & Mutations

You have a pair of horns on your head.
You reflexively headbutt those who attack you in melee.


Message History

An orc comes into view. It is wielding a +0 morningstar.
An orc comes into view. It is wielding a +0 short sword.
The orc throws a boomerang.
The boomerang hits you. The adder bites you.
You are poisoned.
The adder poisons you!
You completely miss the adder.
You feel sick. The adder bites you but does no damage.
You miss the adder.
You feel sick. The adder bites you.
An orc priest comes into view. It is wielding a +0 hand axe.
The adder bites you.
You are more poisoned.
The adder poisons you!
You barely miss the adder.
You feel sick. The adder closely misses you. You furiously retaliate!
You headbutt the adder, but do no damage.
The orc barely misses you.
You feel sick.
The orc shouts!
The orc priest shouts!
The adder barely misses you. You furiously retaliate!
You headbutt the adder. The orc completely misses you. You furiously retaliate!
You headbutt the orc.
You climb upwards.
You feel very sick.
There is a stone staircase leading down here.
You closely miss the adder. Your headbutt misses the adder.
The adder is heavily wounded.
You closely miss the orc.
You feel sick. The adder closely misses you. The adder bites you.
* * * LOW HITPOINT WARNING * * *
You are lethally poisoned!
The adder poisons you! The orc hits you with a +0 morningstar.
* * * LOW HITPOINT WARNING * * *
Unknown command.
You miss the adder.
The adder is heavily wounded.
You barely miss the orc.
* * * LOW HITPOINT WARNING * * *
You feel sick. The adder barely misses you.
The orc hits you with a +0 morningstar.
You die...

#.###....##### #.# #.#
###### #.#### ###'#####
#..... #.......# ######
#.......##### ##
#.......'...# #.
#.......###.# #.
#......o# #.# #.
#......@# #.###########.
#<....S.# #.............
#######.################
#....# #..... #.#.##
###.#.
#.###############...
#)..............)รท..
#################...
#......


You could see an adder and an orc.

Vanquished Creatures
  3 bats
  2 endoplasms (D:2)
  2 giant cockroaches (D:1)
  2 goblins
  5 hobgoblins
  2 jackals (D:1)
  A quokka (D:1)
  A frilled lizard (D:2)
  5 kobolds
  2 rats
25 creatures vanquished.

Notes
Turn   | Place    | Note
-------+----------+-------------------------------------------
     0 | D:1      | sweetbreads the Minotaur Berserker began the quest for the
                  | Orb.
     0 | D:1      | Reached XP level 1. HP: 19/19 MP: 0/0
   258 | D:1      | Reached XP level 2. HP: 27/27 MP: 1/1
  1114 | D:2      | Reached ** piety under Trog
  1306 | D:2      | Reached XP level 3. HP: 33/33 MP: 2/2
  1379 | D:2      | Slain by an orc

Illustrated notes

Levels and vault maps discovered:
D:1:      lightli_arrival_statue_moat, layout_basic, hangedman_decor_push,
          minmay_misc_feat_chi, minivault_11
D:2:      layout_basic
D:3:      layout_basic, serial_shops, shop

Skill      XL: |  1  2 |
---------------+-------+-----
Fighting       | 4 |  4.2
Axes           | 4 |  4.2
Armour         | |  2.5
Dodging        | |  2.3
Unarmed Combat | |  0.7

Action                     || total
---------------------------++-------
  Melee: Hand axe          ||    51
         Headbutt          ||     4
   Stab: Sleeping          ||     2
 Armour: Animal skin       ||     9
  Dodge: Dodged            ||    40
